 Dungeon Crawl Stone Soup version 0.21.1-1-g345015f (webtiles) character file.

3593 inc the Fighter (level 10, -1/81 HPs)
             Began as an Octopode Earth Elementalist on Apr 21, 2018.
             Was an Initiate of Gozag.
             Slain by a hippogriff (10 damage)
             ... on level 7 of the Dungeon.
             The game lasted 00:13:37 (9392 turns).

inc the Fighter (Octopode Earth Elementalist)       Turns: 9392, Time: 00:13:39

Health: -1/81      AC:  1    Str:  7    XL:     10   Next: 10%
Magic:  3/18       EV: 17    Int: 20    God:    Gozag
Gold:   330        SH:  0    Dex: 14    Spells: 16/20 levels left

rFire    . . .     SeeInvis .   l - +1 short sword (elec)
rCold    . . .     Gourm    .   (no shield)
rNeg     . . .     Faith    .   (helmet restricted)
rPois    +         Spirit   .   o - amulet of inaccuracy (curse)
rElec    .         Reflect  .   a - +4 ring of evasion
rCorr    .         Harm     .   p - ring of poison resistance
MR       .....                  s - ring of loudness (curse)
Stlth    ++........             (no ring)
HPRegen  0.23/turn              (no ring)
MPRegen  0.16/turn              (no ring)
                                (no ring)
                                (no ring)

@: no status effects
A: almost no armour, stealthy swim, amphibious, 8 rings, constrict 8, camouflage
1, gelatinous body 1
a: Potion Petition, Call Merchant, Bribe Branch, Renounce Religion


You were on level 7 of the Dungeon.
You worshipped Gozag.
Gozag was aware of your devotion.
You were very hungry.

You visited 2 branches of the dungeon, and saw 9 of its levels.

You collected 429 gold pieces.
You paid 99 gold pieces to Gozag.

Inventory:

Hand Weapons
 i - a +0 dagger
 l - a +1 short sword of electrocution (weapon)
Jewellery
 a - a +4 ring of evasion (left tentacle)
 n - a cursed amulet of the gourmand {unknown}
 o - a cursed amulet of inaccuracy (around mantle)
 p - a ring of poison resistance (right tentacle)
 s - a cursed ring of loudness (on tentacle)
 v - an uncursed amulet of faith {unknown}
 y - an uncursed amulet of the gourmand {unknown}
Scrolls
 m - 6 scrolls of immolation
 r - a scroll of acquirement {unknown}
 w - a scroll of noise
 x - 2 scrolls of enchant weapon
Potions
 e - a potion of brilliance
 f - a potion of lignification
 g - a potion of agility {unknown}
 h - 3 potions of ambrosia
 j - 2 potions of curing
 k - a potion of mutation {unknown}
 q - 2 potions of haste
 t - a potion of resistance
Books
 d - a book of Geomancy

   Spells                             Type                      Level
   a - Sandblast                      Earth                        1
   b - Passwall                       Transmutation/Earth          2
   c - Stone Arrow                    Conjuration/Earth            3
   d - Petrify                        Transmutation/Earth          4
   e - Lee's Rapid Deconstruction     Earth                        5
Comestibles
 c - 14 rations


   Skills:
 - Level 12.3 Fighting
 - Level 2.0 Dodging
 - Level 2.6 Stealth
 - Level 5.7 Spellcasting
 + Level 1.6 Conjurations
   Level 1.0 Transmutations
 - Level 3.0 Earth Magic


You had 16 spell levels left.
You knew the following spells:

 Your Spells              Type           Power        Failure   Level  Hunger
a - Sandblast             Erth           ###...       3%          1    None
b - Stone Arrow           Conj/Erth      ###...       12%         3    ##.....


Dungeon Overview and Level Annotations

Branches:
Dungeon (8/15)             Temple (1/1) D:7
   Lair: D:8-11

Altars:
Ashenzari
Cheibriados
Dithmenos
Fedhas
Gozag
Hepliaklqana
Kikubaaqudgha
Makhleb
Nemelex Xobeh
Okawaru
Qazlal
Ru
Trog
Vehumet
Wu Jian
Xom
Yredelemnul
Zin
The Shining One

Annotations:
D:6 2BAD's ghost, novice DsBe


Innate Abilities, Weirdness & Mutations

You cannot wear most types of armour.
You are very stealthy in the water. (Stealth+)
You are amphibious.
You can wear up to eight rings at the same time.
You can use your tentacles to constrict eight enemies at once.
Your skin changes colour to match your surroundings (Stealth+).
Your rubbery body absorbs attacks. (AC +1, EV +1)


Message History

You don't have enough magic to cast that spell.
Unknown command.
Casting: Stone Arrow
Confirm with . or Enter, or press ? or * to list all spells.
You don't have enough magic to cast that spell.
Unknown command.
You hit the hippogriff.
The hippogriff is almost dead.
The hippogriff bites you!
The hippogriff pecks you but does no damage.
The hippogriff barely misses you.
You hit the hippogriff.
The hippogriff is almost dead.
The hippogriff bites you!
* * * LOW HITPOINT WARNING * * *
The hippogriff misses you. The hippogriff claws you!
* * * LOW HITPOINT WARNING * * *
The hippogriff bites you!
You die...
Your body crumbles into a pile of gold.

#....# #... #....# #...
#....# ###############..^
#....###.................
#..........##.....#######
####.......##.###.# ###
#.......##.# #.# #..
#...H...##.###.#####.#
#....@................
#.......#........###..
#.......#........'....
#########........####.
#........# #.
#........#####
#........##...
###########... #...


You could see a hippogriff.

Vanquished Creatures
  A hippogriff (D:7)
  Sigmund (D:5)
  A human (D:7)
  A hungry ghost (D:7)
  4 hogs (D:7)
  The ghost of inc the Magician, an amateur OpEE of Gozag (D:4)
  A sky beast (D:5)
  2 ice beasts
  6 ogres
  2 centaurs
  3 bullfrogs
  3 scorpions
  2 howler monkeys
  3 crimson imps
  A bullfrog zombie (D:6)
  2 bullfrog skeletons
  2 orc priests
  A gnoll shaman (D:7)
  2 hounds
  A jelly (D:6)
  4 orc wizards
  2 iguanas
  8 worker ants
  10 gnolls
  4 adders
  2 shadow imps
  2 oozes
  An adder zombie (D:5)
  2 adder skeletons
  2 worms
  2 dart slugs
  6 leopard geckos
  10 orcs
  2 giant cockroaches
  5 goblins
  3 hobgoblins
  10 jackals
  4 quokkas
  A ball python skeleton (D:6)
  7 bats
  5 frilled lizards
  A giant cockroach zombie (D:5)
  5 kobolds
  A leopard gecko zombie (D:5)
  A quokka skeleton (D:5)
  8 rats
148 creatures vanquished.

Vanquished Creatures (others)
  A two-headed ogre (D:8)
  A centaur (D:8)
  A hound (D:8)
  A leopard gecko (D:8)
4 creatures vanquished.

Grand Total: 152 creatures vanquished

Notes
Turn   | Place    | Note
-------+----------+-------------------------------------------
     0 | D:1      | inc the Octopode Earth Elementalist began the quest for the Orb.
     0 | D:1      | Reached XP level 1. HP: 11/11 MP: 3/3
   385 | D:1      | Reached XP level 2. HP: 13/17 MP: 0/5
   842 | D:1      | Reached XP level 3. HP: 21/21 MP: 4/7
  1497 | D:2      | Reached XP level 4. HP: 17/27 MP: 10/10
  2698 | D:4      | Noticed an ogre
  2728 | D:4      | Reached XP level 5. HP: 11/31 MP: 8/12
  2858 | D:4      | Noticed inc's ghost (amateur OpEE)
  2872 | D:5      | Entered Level 5 of the Dungeon
  3003 | D:5      | Reached skill level 5 in Spellcasting
  3058 | D:5      | Noticed a centaur
  3071 | D:5      | Killed a centaur
  3071 | D:5      | Reached XP level 6. HP: 7/36 MP: 9/14
  3502 | D:5      | Reached skill level 1 in Fighting
  3548 | D:5      | Noticed a sky beast
  3559 | D:5      | Killed a sky beast
  3559 | D:5      | Reached skill level 2 in Fighting
  4036 | D:5      | Reached skill level 3 in Fighting
  4044 | D:5      | Reached XP level 7. HP: 41/46 MP: 10/15
  4072 | D:5      | Noticed Sigmund
  4080 | D:5      | Killed Sigmund
  4080 | D:5      | Reached skill level 4 in Fighting
  4466 | D:6      | Reached skill level 5 in Fighting
  4759 | D:4      | Killed inc's ghost
  4759 | D:4      | Reached skill level 6 in Fighting
  4858 | D:4      | Reached XP level 8. HP: 32/57 MP: 9/16
  5366 | D:4      | Reached skill level 7 in Fighting
  5412 | D:4      | HP: 1/90 [ice beast (7)]
  6002 | D:6      | Reached skill level 8 in Fighting
  6055 | D:6      | Noticed 2BAD's ghost (novice DsBe)
  6398 | D:6      | Reached skill level 9 in Fighting
  6528 | D:6      | Reached XP level 9. HP: 67/68 MP: 12/17
  7066 | D:6      | Reached skill level 10 in Fighting
  7362 | D:7      | Found a staircase to the Ecumenical Temple.
  7372 | Temple   | Entered the Ecumenical Temple
  7412 | Temple   | Became a worshipper of Gozag Ym Sagoz the Greedy
  7550 | D:7      | Reached skill level 11 in Fighting
  7565 | D:7      | HP: 2/72 [human/hand axe (6)]
  8643 | D:8      | Reached skill level 12 in Fighting
  8649 | D:8      | Reached XP level 10. HP: 68/80 MP: 9/18
  8660 | D:8      | Noticed a two-headed ogre
  8953 | D:8      | Found a shimmering altar of Xom.
  8953 | D:8      | Noticed a two-headed ogre
  8953 | D:8      | Noticed a two-headed ogre
  8994 | D:7      | Learned a level 3 spell: Stone Arrow
  9041 | D:8      | Reached skill level 1 in Conjurations
  9091 | D:8      | Killed a two-headed ogre
  9392 | D:7      | Slain by a hippogriff

Skill      XL: |  1  2  3  4  5  6  7  8  9 10 |
---------------+-------------------------------+-----
Spellcasting   | 3 4 5 |  5.7
Fighting       | 3 6 9 12 | 12.3
Conjurations   | 1 |  1.6
Dodging        | |  2.0
Stealth        | |  2.6
Transmutations | |  1.0
Earth Magic    | |  3.0

Action                   |  1- 3 |  4- 6 |  7- 9 | 10-12 || total
-------------------------+-------+-------+-------+-------++-------
Melee: Unarmed           |    50 |       |       |       ||    50
       Constrict         |    19 |    11 |    16 |     4 ||    50
       Tentacles         |    13 |     4 |    14 |     4 ||    35
       Short sword       |     6 |    43 |    85 |    17 ||   151
       Dagger            |     2 |       |       |       ||     2
 Cast: Sandblast         |    18 |    43 |   203 |    10 ||   274
       Stone Arrow       |       |       |       |    13 ||    13
  Use: Scroll            |       |    10 |     5 |       ||    15
       Potion            |       |       |     6 |     2 ||     8
 Stab: Sleeping          |     6 |    12 |     5 |       ||    23
  Eat: Chunk             |     2 |     8 |     6 |       ||    16
       Ration            |       |       |     3 |       ||     3
Armor: Skin              |    18 |     4 |    15 |     2 ||    39
Dodge: Dodged            |    54 |    36 |   172 |    33 ||   295
